Zazza, neutral female human Wizard ---------------- |...............# ------ ##-.............(|# |...[| ------ # |..........*...|# |..$.| |....+########### ----------------# #-.!).| +....| # # ###------ |<....######### ### # |....| ## ### ------ ------# # ##...{.|### ### |....| # # ##......######## --------------- # |....| # ------------ ................#### ------ ##...........| |....>...... |........{.| |............... ......&@.f.| ------------ Zazza the Evoker Experience level: 2 Strength: 13 Dexterity: 12 Constitution: 13 Intelligence: 18 Wisdom: 11 Charisma: 11 Health: 0(19) Energy: 8(22) Def: 1 Gold: 0 Moves: 1038 Dungeon seed: h9BK2wac_7k7Rm2P Game ID: Zazza_1577218107 Your Inventory: Weapons q - a cursed +0 orcish dagger (weapon in hand) x - a +0 orcish dagger Armor e - an uncursed +0 cloak of magic resistance (being worn) Comestibles r - an uncursed food ration Scrolls i - an uncursed scroll of identify j - an uncursed scroll of food detection Spellbooks l - a blessed spellbook of force bolt m - an uncursed spellbook of slow monster v - an uncursed spellbook of extra healing Potions f - an uncursed potion of object detection g - an uncursed potion of water h - an uncursed potion of gain ability E - an uncursed potion of monster detection Rings c - an uncursed ring of shock resistance d - an uncursed +2 ring of adornment (on left hand) F - an uncursed +2 ring of protection Wands b - a wand of light (0:14) A - a wand of speed monster (0:8) Tools n - a magic marker (0:79) p - an uncursed skeleton key Spells and supernatural/magical abilities: Name Level Category Fail Memory a - force bolt 1 attack 0% 95% s - slow monster 2 enchantment 0% 95% x - extra healing 3 healing 91% 99% W - pray for help -- divine ? -- Your skills at the end: Fighting Skills Weapon Skills quarterstaff [Basic] Spellcasting Skills attack spells [Basic] enchantment spells [Basic] Final Attributes: You were stridently aligned. You were magic-protected. You were adorned. You are dead. Vanquished creatures: a brown mold 2 geckos 2 goblins a grid bug 3 lichens a kobold zombie 3 newts 13 creatures vanquished. Voluntary challenges: You were an atheist. You used a wielded weapon 13 times, starting on turn 85. You read items or engraved 11 times, starting on turn 761. You never genocided any monsters. You never polymorphed an object. You never changed form. You used no wishes. You never split a pudding. You never wrote Elbereth's name. You never violated your personal moral code. Dungeon overview: The Dungeons of Doom: levels 1 to 3 Level 1 a fountain a long staircase Level 2 some fountains Level 3 <- You were here a general store, some fountains History has recorded: On T:1 you entered the Dungeons of Doom to retrieve the Amulet of Yendor! On T:311 you reached level 2 of The Dungeons of Doom. On T:691 you reached level 3 of The Dungeons of Doom. On T:1015 you advanced to experience level 2. Score breakdown: Gold: 0 ( 0 points) Experience: 2 levels ( 5570 points) Exploration: 3 levels ( 6.52%) ( 6324 points) Discoveries: 5 items ( 1.74%) ( 3952 points) Valuables value: (no points given unless you survive) Artifact value: 0 ( 0 points) Variety of kills: 7 monsters ( 1.84%) ( 4066 points) Turncount: 1038 turns ( 0 points) Survival: died (score multiplied by 80%) Total score: 15929 Latest messages: The magic missile hits you! The missiles bounce off! The magic missile bounces! The magic missile hits you! The missiles bounce off! You miss the water demon. (2x) The water demon zaps a wand of magic missile! The magic missile hits you! The missiles bounce off! The magic missile bounces! The magic missile hits you! The missiles bounce off! You miss the water demon. The water demon hits! (2x) The water demon bites! You miss the water demon. The water demon hits! (2x) The water demon bites! You are beginning to feel hungry. You miss the water demon. The water demon hits! (2x) The water demon bites! This burns like acid! You die... Final status: Goodbye Zazza the Wizard, killed by drinking acid... You died in The Dungeons of Doom on dungeon level 3 with 15929 points, and 0 pieces of gold, after 1038 moves. You were level 2 with a maximum of 19 hit points when you died.